 Dungeon Sprint DCSS version 0.28.0-53-g5a82cb258f (webtiles) character file.

Game seed: 5251806085918591519

2 Zeld the Skirmisher (level 1, -3/20 HPs)
             Began as a Minotaur Berserker on June 4, 2022.
             Was a Believer of Trog.
             Killed from afar by Jessica (13 damage)
             ... with a puff of flame
             ... in the Dungeon (Sprint III: "The Ten Rune Challenge").
             The game lasted 00:00:04 (73 turns).

Zeld the Skirmisher (Minotaur Berserker)              Turns: 73, Time: 00:00:04

Health: -3/20      AC:  2    Str: 21    XL:     1   Next: 25%
Magic:  0/0        EV: 12    Int:  4    God:    Trog [**....]
Gold:   0          SH:  0    Dex:  9    Spells: 0/0 levels left

rFire   . . .      SeeInvis .   a - +0 hand axe
rCold   . . .      Faith    .   (no shield)
rNeg    . . .      Spirit   .   b - +0 animal skin
rPois   .          Reflect  .   (helmet restricted)
rElec   .          Harm     .   (no cloak)
rCorr   .          Rampage  .   (no gloves)
Will    .....      NoTele   +   (no boots)
Stlth   +.........              (no amulet)
HPRegen 0.06/turn               (no ring)
MPRegen 0.07/turn               (no ring)

@: on berserk cooldown, slowed, very slow
A: horns 2, retaliatory headbutt
a: Renounce Religion, Berserk, Trog's Hand


You were in the Dungeon.
You worshipped Trog.
Trog was pleased with you.
You visited 1 branch

Inventory:

Hand Weapons
 a - a +0 hand axe (weapon)
Armour
 b - a +0 animal skin (worn)
Scrolls
 h - a scroll of blinking
 i - a scroll of silence {unknown}
Potions
 c - a potion of curing
 d - a potion of heal wounds
 e - a potion of haste
 f - 2 potions of magic
 g - a potion of berserk rage


   Skills:
 * Level 4.0 Fighting
 * Level 4.0 Axes
 + Level 2.7 Armour
 + Level 2.4 Dodging


You couldn't memorise any spells.
You didn't know any spells.
Your spell library was empty.

Dungeon Overview and Level Annotations

Branches:
Dungeon (1/1)

Altars:

Annotations:
D Jessica


Innate Abilities, Weirdness & Mutations

You have a pair of horns on your head.
You reflexively headbutt those who attack you in melee.


Message History

You hit the rat.
You kill the rat!
Trog accepts your kill.
You hit the rat.
You kill the rat!
Trog accepts your kill.
No target in view!
No target in view!
You start waiting.
i - a scroll labelled TEUTAT DOEK You start waiting.
You open the door.
A rat comes into view.
Jessica the Apprentice Sorceress comes into view.
She is wielding a +0 club and carrying a wand of flame (14).
Found a scroll of blinking.
Jessica shouts!
The rat barely misses you. You furiously retaliate!
You headbutt the rat!
You kill the rat!
Trog accepts your kill.
You can now call upon Trog for regeneration and willpower.
Your Fighting skill increases to level 4!
Your Axes skill increases to level 4!
There is an open door here.
A red film seems to cover your vision as you go berserk!
You feel yourself moving faster!
You feel mighty!
Jessica mumbles some strange words.
Jessica blinks!
You feel a strong urge to attack something.
Jessica gestures wildly while chanting.
Jessica seems to speed up.
You feel your anger nearly subside.
You are no longer berserk.
You are exhausted.
You feel yourself slow down. Jessica gestures at you while chanting.
Pain shoots through your body!
You hit Jessica but do no damage. Jessica casts a spell at you.
Pain shoots through your body!
Jessica zaps a wand.
The puff of flame hits you!
Ouch! That really hurt!
You die...

▓<.#
▓..#
▓#'####
▓.....#
▓.....#
▓.....#
▓####'#
▓?....#
▓..@..#
▓..@..#
▓+#####


You could see Jessica (fast).

Vanquished Creatures
  3 rats (D)
3 creatures vanquished.

Notes
Turn   | Place    | Note
-------+----------+-------------------------------------------
     0 | D        | Zeld the Minotaur Berserker began the quest for the Orb.
     0 | D        | Reached XP level 1. HP: 19/19 MP: 0/0
    68 | D        | Noticed Jessica
    68 | D        | Reached ** piety under Trog
    73 | D        | Killed from afar by Jessica

Illustrated notes

Levels and vault maps discovered:
D:        dungeon_sprint_mu [sprint_mu_entry_forest, sprint_mu_temple_rooms,
          sprint_mu_d1_spiders, sprint_mu_d2_genie, sprint_mu_d3_branching,
          sprint_mu_orc_legion, sprint_mu_elf_gauntlet, sprint_mu_hive_nellie,
          sprint_mu_lair_fedhas, sprint_mu_vaults_butterflies,
          sprint_mu_slime_circle, sprint_mu_swamp_cave, sprint_mu_snake_twists,
          sprint_mu_blade_basic, sprint_mu_crypt_lich, sprint_mu_tomb_spiral,
          sprint_mu_vestibule_basic, sprint_mu_gehenna_hellfire,
          sprint_mu_dis_giant, sprint_mu_tartarus_statrot,
          sprint_mu_cocytus_islands, sprint_mu_zot1]

Skill      XL: |  1 |
---------------+----+-----
Fighting       | 4 |  4.0
Axes           | 4 |  4.0
Armour         | |  2.7
Dodging        | |  2.4

Action                   || total
-------------------------++-------
Melee: Hand axe          ||     3
Invok: Berserk           ||     1
Dodge: Dodged            ||     1
